 Dungeon Crawl Stone Soup version 0.31-a0-175-g9f7f995f2b (webtiles) character file.

Game seed: 187614045482374054

48 qw the Shooter (level 3, -3/22 HPs)
             Began as a Gargoyle Hunter on June 17, 2023.
             Slain by an iguana (9 damage)
             ... on level 1 of the Dungeon.
             The game lasted 00:00:22 (613 turns).

qw the Shooter (Gargoyle Hunter)                     Turns: 613, Time: 00:00:22

Health: -3/22      AC:  6    Str: 14    XL:     3   Next: 72%
Magic:  3/3        EV: 11    Int:  9    God:
Gold:   9          SH:  0    Dex: 15    Spells: 2/2 levels left

rFire   . . .        Y - +0 shortbow
rCold   . . .        (shield currently unavailable)
rNeg    + . .        c - +0 leather armour
rPois   inf          (no helmet)
rElec   +            (no cloak)
rCorr   .            (no gloves)
SInv    .            (no boots)
Will    .....        (no amulet)
Stlth   ++           (no ring)
HPRegen 0.23/turn    (no ring)
MPRegen 0.08/turn

%: no passive effects
@: no status effects
A: sickness immunity, AC +3, negative energy resistance 1, electricity
resistance, torment resistance 1, petrification resistance
a: no special abilities


You were on level 1 of the Dungeon.
You visited 1 branch of the dungeon, and saw 2 of its levels.

You collected 9 gold pieces.


Innate Abilities, Weirdness & Mutations

You are immune to sickness and miasma.
Your stone body is resilient. (AC +3)
You are immune to poison.
You resist negative energy. (rN+)
You are resistant to electric shocks. (rElec)
You are resistant to unholy torment.
You are immune to petrification.


   Skills:
 + Level 2.9 Fighting
 - Level 5.0 Ranged Weapons
 - Level 1.5 Dodging
 - Level 1.1 Stealth


You had 2 spell levels left.
You didn't know any spells.
Your spell library was empty.

Inventory:

Hand Weapons
 Y - a +0 shortbow (weapon)
Armour
 c - a +0 leather armour (worn)
Potions
 a - a potion of heal wounds

Dungeon Overview and Level Annotations

Branches:
Dungeon (2/15)

Altars:


Message History

The slug dart misses you.
You shoot an arrow.
The arrow hits the dart slug but does no damage.
You shoot an arrow. The arrow hits the dart slug.
The dart slug is heavily wounded.
You shoot an arrow. The arrow hits the dart slug.
The dart slug is severely wounded.
The dart slug briefly extends its eye-stalks.
You shoot an arrow. The arrow hits the dart slug.
You kill the dart slug!
(D) Dungeon
Where to? (* - list waypoints, Enter - D:2, ? - help)
What level of the Dungeon? (default 1, ? - help)
You see here a dart slug corpse.
There is a stone staircase leading down here.
You climb downwards.
Found a sling.
There is a stone staircase leading up here.
An iguana is nearby!
Waypoint 1 assigned to D:2.
You shoot an arrow. The arrow hits the iguana.
The iguana hisses angrily.
The iguana is moderately wounded.
You shoot an arrow. The arrow closely misses the iguana.
You shoot an arrow. The arrow closely misses the iguana.
You shoot an arrow.
The arrow hits the iguana but does no damage.
The iguana is lightly wounded.
You shoot an arrow. The arrow completely misses the iguana.
You shoot an arrow. The arrow hits the iguana.
The iguana is moderately wounded.
The iguana bites you!
611 ||| STAIRDANCE The iguana bites you!
You climb upwards.
There is a stone staircase leading down here.
Enter note: You shoot an arrow.
The arrow hits the iguana.
The iguana is moderately wounded.
The iguana bites you!
You die...

. ## . .#
##################.#
.....(...........l.#
###.#####......%@..#
###.......########.#
..#%####### .. #[#.#
## #.#.# ....# #.###
#.# #.#


You could see an iguana.

Vanquished Creatures
  A gnoll (D:1)
  2 dart slugs (D:1)
  2 ball pythons (D:1)
  2 endoplasms (D:1)
  2 giant cockroaches (D:1)
  2 goblins (D:1)
  2 hobgoblins (D:1)
  8 jackals (D:1)
  A kobold (D:1)
  3 quokkas (D:1)
  A bat (D:1)
  2 frilled lizards (D:1)
  A rat (D:1)
29 creatures vanquished.

Notes
Turn   | Place    | Note
-------+----------+-------------------------------------------
     0 | D:1      | qw the Gargoyle Hunter began the quest for the Orb.
     0 | D:1      | Reached XP level 1. HP: 12/12 MP: 1/1
     0 | D:1      | 0 ||| qw: Version: 0.3-a-2-g5ab2908
     0 | D:1      | 0 ||| qw: Game counter: 210
     0 | D:1      | 0 ||| qw: Always use a shield: true
     0 | D:1      | 0 ||| qw: God list: Okawaru
     0 | D:1      | 0 ||| qw: Allow faded altars: false
     0 | D:1      | 0 ||| qw: Do Orc after D:15 true
     0 | D:1      | 0 ||| qw: Do second Lair branch before Depths: true
     0 | D:1      | 0 ||| qw: Lair rune preference: random
     0 | D:1      | 0 ||| qw: Plans: Normal, Zot:1-4, Slime:5, God:TSO, Crypt,
                  | Tomb, Abyss, Pan, Hells, Win
     0 | D:1      | 0 ||| PLANNING D:1-11
    11 | D:1      | Noticed an electric eel
    26 | D:1      | 26 ||| READING scroll labelled JYXTO SOMIFON.
    27 | D:1      | 27 ||| READING scroll labelled TYWEAGR VUIXUO.
    28 | D:1      | 28 ||| DROPPING scroll of butterflies.
    94 | D:1      | Reached XP level 2. HP: 17/17 MP: 2/2
   261 | D:1      | Reached XP level 3. HP: 21/21 MP: 3/3
   335 | D:1      | Found a faded altar of an unknown god.
   479 | D:1      | 479 ||| READING scroll labelled JUONLI ANI XAM.
   490 | D:1      | Reached skill level 5 in Ranged Weapons
   589 | D:1      | 589 ||| DRINKING 2 sedimented white potions.
   611 | D:2      | 611 ||| STAIRDANCE
   613 | D:1      | Slain by an iguana

Levels and vault maps discovered:
D:1:      arrival_aquarium_a, layout_loops_ring,
          shapermc_ecumenical_altar_ellora, minmay_shallow_snake_nest
D:2:      layout_basic, st_stairs_7, uniq_crazy_yiuf_cottage

Skill      XL: |  1  2  3 |
---------------+----------+-----
Ranged Weapons | 5 |  5.0
Fighting       | |  2.9
Dodging        | |  1.5
Stealth        | |  1.1

Action                     || total
---------------------------++-------
   Fire: Shortbow          ||   104
    Use: Scroll            ||     3
         Potion            ||     1
 Armour: Leather armour    ||    41
  Dodge: Dodged            ||    59

Table legend:
 A = Non-vault XP
 B = Vault XP
 C = Vault XP percentage of total XP
 D = Non-vault monster count
 E = Vault monster count
 F = Vault count percentage of total count
                 A         B        C        D         E       F
            +---------+---------+-------+---------+---------+-------
      Total |      69 |       0 |   0.0 |      29 |       0 |   0.0
            +---------+---------+-------+---------+---------+-------
        D:1 |      69 |       0 |   0.0 |      29 |       0 |   0.0
            +---------+---------+-------+---------+---------+-------
